 Dungeon Crawl Stone Soup version 0.31-a0-7-g51783674b7 (webtiles) character file.

Game seed: 8075436322226570453

15579 porpoise the Cleaver (level 12, -8/99 HPs)
             Began as a Formicid Fighter on May 5, 2023.
             Was a Priest of Qazlal.
             Mangled by a death yak (21 damage)
             ... on level 2 of the Lair of Beasts on May 6, 2023.
             The game lasted 01:15:32 (16863 turns).

porpoise the Cleaver (Formicid Fighter)            Turns: 16863, Time: 01:15:33

Health: -8/99      AC: 11    Str: 26    XL:     12   Next: 59%
Magic:  7/20       EV: 12    Int:  8    God:    Qazlal [***...]
Gold:   460        SH: 10    Dex: 13    Spells: 11/11 levels left

rFire   . . .        a - +0 war axe
rCold   + . .        d - +1 buckler {reflect}
rNeg    + . .        v - +1 ring mail {rC+}
rPois   .            (helmet unavailable)
rElec   .            F - +0 cloak
rCorr   .            B - +0 pair of gloves
SInv    +            K - +0 pair of boots
Will    +....        Q - amulet of faith
Stlth   +            R - ring of positive energy
HPRegen 0.36/turn    (no ring)
MPRegen 0.17/turn

%: reflection, faith
@: no status effects
A: permanent stasis, dig shafts and tunnels, antennae 3, four strong arms
a: Dig, Shaft Self, Renounce Religion, Upheaval, Elemental Force


You were on level 2 of the Lair of Beasts.
You worshipped Qazlal.
Qazlal was most pleased with you.
You visited 3 branches of the dungeon, and saw 14 of its levels.

You collected 899 gold pieces.
You spent 439 gold pieces at shops.

Inventory:

Hand Weapons
 a - a +0 war axe (weapon)
 b - a +2 heavy shortbow
 w - a +1 scimitar of flaming
Missiles
 u - 7 boomerangs (quivered)
 x - 8 datura-tipped darts
 L - a curare-tipped dart
 N - a boomerang of dispersal
Armour
 d - a +1 buckler of reflection (worn)
 v - a +1 ring mail of cold resistance (worn)
 B - a +0 pair of gloves (worn)
 F - a +0 cloak (worn)
 K - a +0 pair of boots (worn)
Jewellery
 A - a ring of fire
 Q - an amulet of faith (around neck)
 R - a ring of positive energy (left hand)
Wands
 o - a wand of digging (4)
 y - a wand of flame (1)
 D - a wand of polymorph (6)
 G - a wand of iceblast (12)
Scrolls
 c - a scroll of vulnerability {unknown}
 k - 3 scrolls of fear
 p - a scroll of poison
 q - a scroll of fog
 P - 6 scrolls of identify
Potions
 m - 4 potions of attraction
 n - 9 potions of ambrosia
 z - 4 potions of might
 I - 2 potions of lignification


   Skills:
 + Level 10.8 Fighting
 + Level 11.1 Axes
 - Level 7.0 Armour
 - Level 5.0 Dodging
 - Level 7.0 Shields
 + Level 10.7 Invocations
 - Level 5.0 Evocations


You had 11 spell levels left.
You didn't know any spells.
Your spell library contained the following spells:

 Spells                   Type           Power      Damage    Failure   Level
 Call Canine Familiar     Summ           0%         N/A       91%         3
 Dazzling Flash           Conj/Hex       0%         N/A       91%         3
 Portal Projectile        Hex/Tloc       0%         N/A       91%         3
 Volatile Blastmotes      Fire/Tloc      0%         2d10      91%         3
 Iskenderun's Mystic Bla  Conj/Tloc      0%         2d3       100%        4
 Leda's Liquefaction      Hex/Erth       0%         N/A       100%        4
 Starburst                Conj/Fire      0%         6d3       100%        6


Dungeon Overview and Level Annotations

Branches:
Dungeon (10/15)            Temple (1/1) D:4            Lair (3/5) D:10
  Swamp: Lair:2-3    Shoals: Lair:2-3     Snake: Lair:2-3    Spider: Lair:2-3
    Orc: D:9-12

Altars:
Ashenzari
Cheibriados
Dithmenos
Elyvilon
Fedhas
Gozag
Hepliaklqana
Kikubaaqudgha
Makhleb
Nemelex Xobeh
Okawaru
Qazlal
Ru
Sif Muna
Trog
Uskayaw
Vehumet
Wu Jian
Xom
Yredelemnul
Zin
The Shining One

Shops:
D:5 [   D:9 *   D:10 (

Annotations:
D:3 exclusion: downstairs
D:5 2 transporters, BlasphemerAmon's ghost, amateur DgWr
D:6 3 runed translucent doors, BlueFish's ghost, novice OpFi; bande's ghost, novice GrFi; olmar's ghost, novice GrFi; ytrimaz's ghost, novice GnFi


Innate Abilities, Weirdness & Mutations

You cannot be hasted, slowed, berserked, paralysed or teleported.
You can dig through walls and to a lower floor.
You have a pair of large antennae on your head. (SInv)
Your four strong arms can wield two-handed weapons with a shield.


Message History

Your earth elemental hits the death yak!!
You hit the death yak.
The death yak is severely wounded.
You completely miss the death yak. The death yak gores you.
You block the death yak's attack.
You hit the death yak.
The death yak is severely wounded.
You slash the death yak! You hit the death yak but do no damage.
Your earth elemental disappears in a puff of smoke!
Your earth elemental hits the death yak!
The death yak gores your earth elemental!
The death yak barely misses you. x2
You hit the death yak but do no damage.
The death yak is almost dead.
You barely miss the death yak. You hit the death yak but do no damage.
Your earth elemental disappears in a puff of smoke!
The death yak gores you!! The death yak gores you. The death yak gores you!!
Activating: Elemental Force (1% risk of failure)
Press: ? - help, Dir - look around, f - activate
Okay, then.
The death yak gores you.
* * * LOW HITPOINT WARNING * * *
The death yak attacks as you move away! The death yak barely misses you.
Okay, then.
Aiming: Upheaval
Press: ? - help, Dir - move target, f - death yak
Aim: a death yak (severely wounded)
Okay, then.
Okay, then.
Aiming: Upheaval
Press: ? - help, Dir - move target, f - death yak
Aim: a death yak (severely wounded)
A storm cloud blasts the area with cutting wind!
The cutting wind hits the death yak!!!
You kill the death yak!
Qazlal accepts your kill. The death yak gores you!
* * * LOW HITPOINT WARNING * * *
The death yak gores you!!
You die...

{#....... { #......## #.......#
# ##############.......#..
....E..........†........
.....†...........§..#...
.....Y..........Y....#
...............YY§...#
................@Y..##.#
...............☼.....#.### .#
.......................... ...#
.....>.................... ..#
.......................... ..#
....................##.P#.###P.#
..#.... ####..##...P..####..##>#
.## .. #...#..............#.##
.# .#P.#......#...........#


You could see 4 death yaks.

Vanquished Creatures
  A two-headed ogre (D:10)
  A death yak (Lair:2)
  Erica (D:10)
  Pikel (D:8)
  A cyclops (D:8)
  4 cane toads
  2 rime drakes
  A komodo dragon (Lair:1)
  An unseen horror (D:10)
  A troll (D:9)
  A queen bee (D:10)
  A hornet (D:10)
  21 yaks
  3 wyverns
  A wraith (D:10)
  Eustachio (D:4)
  Grum (D:10)
  Duvessa (D:4)
  2 water moccasins
  2 black bears
  2 orc warriors (D:9)
  4 wolves (D:10)
  An ice beast (D:5)
  2 centaurs
  4 lemures (D:8)
  6 phantoms
  3 kobold brigands
  4 scorpions
  4 bullfrogs
  9 wights
  Dowan (D:4)
  32 killer bees
  5 electric eels (D:10)
  4 howler monkeys
  3 hounds
  3 jellies (D:4)
  5 orc priests
  A gnoll bouda (D:4)
  An iguana (D:6)
  A sleepcap (D:6)
  Natasha (thrice) (D:3)
  13 orc wizards
  13 hell rats (Lair:1)
  Robin (D:3)
  10 adders
  5 gnolls
  A white imp (D:5)
  3 worms
  A dart slug (D:5)
  45 orcs
  14 endoplasms
  4 giant cockroaches
  10 goblins
  9 hobgoblins
  6 jackals (D:1)
  3 quokkas
  8 ball pythons
  2 frilled lizards (D:2)
  26 kobolds
  3 rats
  A bush (Lair:1)
324 creatures vanquished.

Vanquished Creatures (collateral kills)
  A death yak (Lair:2)
  A black mamba (Lair:2)
2 creatures vanquished.

Vanquished Creatures (others)
  20 fungi
  42 plants
  10 toadstools (D:4)
72 creatures vanquished.

Grand Total: 398 creatures vanquished

Notes
Turn   | Place    | Note
-------+----------+-------------------------------------------
     0 | D:1      | porpoise the Formicid Fighter began the quest for the Orb.
     0 | D:1      | Reached XP level 1. HP: 18/18 MP: 1/1
   225 | D:1      | Reached XP level 2. HP: 18/24 MP: 2/2
   274 | D:1      | Found a faded altar of an unknown god.
   571 | D:1      | Reached XP level 3. HP: 30/30 MP: 3/3
   578 | D:1      | Reached skill level 3 in Axes
  1128 | D:2      | Reached XP level 4. HP: 36/37 MP: 4/4
  1768 | D:3      | Noticed Robin
  1773 | D:3      | Killed Robin
  1774 | D:3      | Reached skill level 4 in Axes
  1780 | D:3      | Reached XP level 5. HP: 36/42 MP: 5/5
  2281 | D:3      | Noticed Natasha
  2290 | D:3      | Killed Natasha
  2382 | D:3      | Noticed Natasha
  2387 | D:3      | Killed Natasha
  2416 | D:3      | Noticed Natasha
  2423 | D:3      | Killed Natasha
  2424 | D:3      | Reached XP level 6. HP: 40/49 MP: 6/6
  2451 | D:4      | Reached skill level 5 in Axes
  2750 | D:4      | You fall into a shaft and drop 2 floors!
  2771 | D:6      | Reached skill level 5 in Fighting
  2835 | D:5      | Entered Level 5 of the Dungeon
  3250 | D:4      | Noticed Eustachio
  3294 | D:4      | Killed Eustachio
  3295 | D:4      | Reached skill level 6 in Axes
  3295 | D:4      | Reached XP level 7. HP: 35/56 MP: 7/7
  3659 | D:4      | Found a staircase to the Ecumenical Temple.
  3668 | Temple   | Entered the Ecumenical Temple
  3766 | Temple   | Became a worshipper of Qazlal Stormbringer
  4070 | D:4      | Reached skill level 7 in Axes
  4070 | D:4      | Reached skill level 1 in Invocations
  4070 | D:4      | Reached XP level 8. HP: 58/64 MP: 8/8
  4257 | D:4      | Noticed Dowan
  4257 | D:4      | Noticed Duvessa
  4265 | D:4      | Killed Duvessa
  4271 | D:4      | Killed Dowan
  4543 | D:5      | Found a transporter.
  4543 | D:5      | Found a transporter.
  4574 | D:5      | Reached * piety under Qazlal
  4683 | D:5      | Found Evvucvud's Antique Armour Shoppe.
  4697 | D:5      | Upgraded the game from 0.31-a0-4-gefa6de2278 to
                  | 0.31-a0-7-g51783674b7
  4767 | D:5      | Noticed BlasphemerAmon's ghost (amateur DgWr)
  4911 | D:5      | Reached skill level 8 in Axes
  5012 | D:5      | Reached XP level 9. HP: 62/72 MP: 11/11
  5289 | D:5      | Bought a runed scarf for 208 gold pieces
  5668 | D:6      | Found a sparkling altar of Nemelex Xobeh.
  5885 | D:6      | Reached skill level 9 in Axes
  5888 | D:6      | Found a runed translucent gate.
  5888 | D:6      | Found a runed translucent gate.
  5902 | D:6      | Found a runed translucent gate.
  5903 | D:6      | Noticed BlueFish's ghost (novice OpFi)
  5903 | D:6      | Noticed ytrimaz's ghost (novice GnFi)
  5904 | D:6      | Noticed bande's ghost (novice GrFi)
  5904 | D:6      | Noticed olmar's ghost (novice GrFi)
  6208 | D:6      | Found a hazy altar of Hepliaklqana.
  6427 | D:6      | Reached skill level 5 in Invocations
  7097 | D:7      | Reached ** piety under Qazlal
  7456 | D:7      | Reached skill level 5 in Armour
  7720 | D:7      | Reached skill level 10 in Axes
  8011 | D:8      | Reached XP level 10. HP: 52/79 MP: 14/14
  8481 | D:7      | Reached skill level 5 in Shields
  8961 | D:8      | Reached skill level 1 in Evocations
  9176 | D:8      | Noticed Pikel
  9186 | D:8      | Killed Pikel
  9320 | D:8      | Identified the +1 leather armour "Zacoiry" {rElec rF+}
  9407 | D:8      | Reached skill level 1 in Dodging
  9599 | D:8      | Noticed a cyclops
  9606 | D:8      | Killed a cyclops
  9607 | D:8      | Reached XP level 11. HP: 84/84 MP: 13/16
 10050 | D:9      | Reached *** piety under Qazlal
 10158 | D:9      | Reached skill level 5 in Evocations
 10432 | D:9      | Found a blossoming altar of Fedhas.
 10803 | D:9      | Found Sodeter's Island Escapes.
 10840 | D:9      | Bought a wand of digging (5) for 231 gold pieces
 11152 | D:10     | Entered Level 10 of the Dungeon
 11169 | D:10     | Noticed Grum
 11176 | D:10     | Killed Grum
 11495 | D:10     | Noticed a two-headed ogre
 11503 | D:10     | Killed a two-headed ogre
 11787 | D:10     | Found a staircase to the Lair.
 11898 | D:10     | Noticed Erica
 11907 | D:10     | Killed Erica
 11923 | D:10     | Reached skill level 5 in Dodging
 12278 | D:10     | Found Bumidaxa's Antique Weapon Shoppe.
 13547 | D:10     | Reached XP level 12. HP: 83/97 MP: 12/19
 14292 | Lair:1   | Entered Level 1 of the Lair of Beasts
 14339 | Lair:1   | Reached skill level 10 in Fighting
 14740 | Lair:1   | Reached skill level 10 in Invocations
 14904 | Lair:1   | Reached **** piety under Qazlal
 16451 | Lair:2   | Noticed a death yak
 16471 | Lair:2   | Reached skill level 11 in Axes
 16471 | Lair:2   | You fall into a shaft and drop 1 floor!
 16471 | Lair:3   | HP: 4/93 [poisoned by a black mamba]
 16721 | Lair:3   | Found an ornate altar of the Wu Jian Council.
 16849 | Lair:2   | Noticed a death yak
 16849 | Lair:2   | Noticed a death yak
 16852 | Lair:2   | Noticed a death yak
 16853 | Lair:2   | Noticed a death yak
 16854 | Lair:2   | Noticed a death yak
 16855 | Lair:2   | Killed a death yak
 16863 | Lair:2   | Killed a death yak
 16863 | Lair:2   | Mangled by a death yak

Illustrated notes

Levels and vault maps discovered:
D:1:      dpeg_arrival_tiny_b, layout_loops_ring,
          ebering_ecumenical_altar_sacrificial
D:2:      layout_loops_ring, minivault_4, fountainhead
D:3:      layout_basic, dreamdust_princess_corridor, guppyfry_early_orc_mine,
          uniq_robin, uniq_natasha
D:4:      cheibrodos_fertilizer, layout_cave_pools,
          minmay_temple_entry_large_hall, uniq_duvessa, uniq_eustachio
D:5:      layout_loops_ring, serial_shops, shop, gammafunk_ghost_hive,
          due_unseen_surprise
D:6:      layout_basic, kennysheep_little_box, mainiacjoe_overflow_24_doors,
          gammafunk_ghost_cemetery, minmay_misc_feat_diagonals
D:7:      layout_gridville, minmay_tree_intersection, minivault_10
D:8:      layout_loops_ring, uniq_pikel
D:9:      layout_rooms, lemuel_round_altar, nicolae_island_escapes
D:10:     layout_basic, special_room [special_room_bee], serial_shops,
          nicolae_shop_real_fake_doors, minmay_crystal_water,
          amcnicky_mini_corridor_feature, corner_web_ring, uniq_grum, uniq_erica
Temple:   compressed_dpeg_triangle_lava_temple
Lair:1:   layout_loops_ring
Lair:2:   cheibrodos_lair_overgrown_chateau, layout_regular_city, minivault_19,
          infiniplex_staircase_pool_2
Lair:3:   layout_chaotic_city, nicolae_swamp_entry_splash_gauntlet,
          minmay_snake_entry_guardpost_small, basic_altar, fungi_pond_lemuel,
          nicolae_lair_lindhole

Skill      XL: |  1  2  3  4  5  6  7  8  9 10 11 12 |
---------------+-------------------------------------+-----
Axes           | 3 4 6 7 8 10 11 | 11.1
Fighting       | 4 5 6 7 9 10 | 10.8
Invocations    | 1 3 6 7 9 10 | 10.7
Armour         | 5 7 |  7.0
Shields        | 7 |  7.0
Evocations     | 4 5 |  5.0
Dodging        | 2 5 |  5.0

Action                     |  1- 3 |  4- 6 |  7- 9 | 10-12 || total
---------------------------+-------+-------+-------+-------++-------
  Melee: War axe           |    92 |   153 |   310 |   681 ||  1236
   Fire: Sling             |       |       |    10 |       ||    10
         Shortbow          |       |       |       |     5 ||     5
  Throw: Boomerang         |       |       |    14 |     3 ||    17
         Dart              |       |       |       |     6 ||     6
 Invoke: Upheaval          |       |       |       |    11 ||    11
         Elemental Force   |       |       |       |     2 ||     2
Ability: Dig               |       |     1 |       |     2 ||     3
         Shaft Self        |       |       |       |     1 ||     1
  Evoke: Wand              |       |       |       |     6 ||     6
    Use: Scroll            |       |     7 |     1 |    10 ||    18
         Potion            |       |     4 |     2 |     8 ||    14
 Armour: Scale mail        |    31 |    70 |    31 |       ||   132
         Ring mail         |       |       |    67 |   158 ||   225
  Dodge: Dodged            |    36 |   106 |   111 |   332 ||   585
  Block: Buckler           |    21 |    41 |    67 |   356 ||   485

Table legend: (Time is in decaauts)
 A = Elapsed time spent in this place.
 B = Non-inter-level travel time spent in this place.
 C = Inter-level travel time spent in this place.
 D = Time resting spent in this place.
 E = Time spent auto-exploring this place.
 F = Levels seen in this place.
 G = Mean time per level.
                   A        B        C        D        E       F      G
               +--------+--------+--------+--------+--------+-----+--------+
         Total |  17020 |  16156 |    864 |   6299 |   6402 |  14 | 1215.7 |
       Dungeon |  14287 |  13526 |    761 |   5107 |   5664 |  10 | 1428.7 |
        Temple |    157 |    121 |     36 |      0 |     72 |   1 |  157.0 |
          Lair |   2575 |   2508 |     67 |   1192 |    666 |   3 |  858.3 |
               +--------+--------+--------+--------+--------+-----+--------+

Top non-repeatable levels by time:
    D:10: 3135 daAuts
     D:7: 2149 daAuts
  Lair:1: 1703 daAuts
     D:3: 1451 daAuts
     D:4: 1407 daAuts
     D:8: 1274 daAuts
     D:6: 1225 daAuts
     D:5: 1194 daAuts
     D:9: 915 daAuts
     D:2: 789 daAuts
     D:1: 743 daAuts
  Lair:2: 543 daAuts
  Lair:3: 329 daAuts
  Temple: 157 daAuts
